 Dungeon Crawl Stone Soup version 0.30.1-11-g7821555f0a (webtiles) character file.

Game seed: 6211823303268772919

31 Okkudo the Chopper (level 3, -2/33 HPs)
             Began as a Hill Orc Monk on Dec 5, 2023.
             Slain by a gnoll
             ... wielding a +2 halberd of distortion
              (7 damage)
             ... on level 2 of the Dungeon.
             The game lasted 00:02:46 (803 turns).

Okkudo the Chopper (Hill Orc Monk)                   Turns: 803, Time: 00:02:46

Health: -2/33      AC:  2    Str: 15    XL:     3   Next: 22%
Magic:  3/3        EV: 12    Int: 10    God:
Gold:   40         SH:  0    Dex: 13    Spells: 2/2 levels left

rFire   . . .        a - +0 hand axe
rCold   . . .        d - orb {light}
rNeg    . . .        b - +0 robe
rPois   .            (no helmet)
rElec   .            (no cloak)
rCorr   .            (no gloves)
SInv    .            (no boots)
Will    .....        (no amulet)
Stlth   +            (no ring)
HPRegen 0.25/turn    (no ring)
MPRegen 0.08/turn

%: no passive effects
@: glowing
A: no striking features
a: no special abilities


You were on level 2 of the Dungeon.
You visited 1 branch of the dungeon, and saw 2 of its levels.

You collected 40 gold pieces.

Inventory:

Hand Weapons
 a - a +0 hand axe (weapon)
Missiles
 i - 4 poisoned darts (quivered)
Armour
 b - a +0 robe (worn)
 d - an orb of light (worn)
Scrolls
 f - a scroll of enchant armour {unknown}
 h - 2 scrolls of identify {unknown}
Potions
 c - a potion of ambrosia
 e - a potion of degeneration {unknown}
 g - a potion of curing {unknown}


   Skills:
 + Level 4.2 Fighting
 * Level 4.9 Axes
 - Level 2.6 Dodging


You had 2 spell levels left.
You didn't know any spells.
Your spell library was empty.

Dungeon Overview and Level Annotations

Branches:
Dungeon (2/15)

Altars:

Shops:
D:2 =

Annotations:
D:2 Terence


Message History

As you open the door, it creaks loudly!
A bat and a ball python come into view.
You hear a shout!
A gnoll comes into view.
It is wielding a +2 halberd of distortion.
The bat moves out of view.
Found 9 gold pieces.
The bat hits you.
There is an open door here.
You barely miss the bat. The bat hits you but does no damage.
You closely miss the bat. You hit the ball python.
You kill the ball python!
The bat hits you but does no damage.
A gnoll is nearby!
The bat misses you.
You hit the bat.
The bat is severely wounded.
The bat barely misses you. The bat hits you but does no damage.
You hit the bat.
You kill the bat!
The gnoll hits you from afar with a +2 halberd of distortion!
Space warps around you. The gnoll completely misses you.
You hit the gnoll.
The gnoll is lightly wounded.
The gnoll barely misses you.
You hit the gnoll.
The gnoll is moderately wounded.
The gnoll barely misses you.
You barely miss the gnoll.
The gnoll is moderately wounded.
The gnoll misses you.
You barely miss the gnoll.
The gnoll is moderately wounded.
The gnoll misses you.
You slash the gnoll!
The gnoll is almost dead.
The gnoll hits you with a +2 halberd of distortion!
* * * LOW HITPOINT WARNING * * *
Space warps around you!
You die...

#..............
####...#####.##
#....#........#
....##...#####..#
### #########.∩#
......8#..#
.8...g.'..#
####b..#g.#
#..g#@.# #8..#..#
..$..#..#
###...##.# ....
.# ....8 .# ##


You could see a gnoll.

Vanquished Creatures
  5 bats
  2 endoplasms (D:1)
  A giant cockroach (D:1)
  3 goblins
  2 hobgoblins (D:1)
  4 jackals (D:1)
  3 kobolds (D:1)
  A quokka (D:1)
  3 ball pythons
  A frilled lizard (D:1)
  4 rats (D:1)
29 creatures vanquished.

Notes
Turn   | Place    | Note
-------+----------+-------------------------------------------
     0 | D:1      | Okkudo the Hill Orc Monk began the quest for the Orb.
     0 | D:1      | Reached XP level 1. HP: 19/19 MP: 1/1
    53 | D:1      | Reached XP level 2. HP: 20/27 MP: 2/2
   425 | D:1      | Reached XP level 3. HP: 32/33 MP: 3/3
   723 | D:2      | Noticed Terence
   782 | D:2      | Found Irpheatui's Jewellery Emporium.
   803 | D:2      | Slain by a gnoll

Illustrated notes

Levels and vault maps discovered:
D:1:      dpeg_arrival_tiny_h, layout_basic
D:2:      layout_loops_ring, serial_shops, nicolae_shop_bloodbath_and_beyond,
          shop, chequers_serial_rivers_micro_e, st_stairs_10,
          nicolae_nh_oracle_at_delphi, uniq_robin, uniq_crazy_yiuf_cottage,
          uniq_terence

Skill      XL: |  1  2 |
---------------+-------+-----
Fighting       | 4 |  4.2
Axes           | |  4.9
Dodging        | |  2.6

Action                     || total
---------------------------++-------
  Melee: Hand axe          ||    71
 Armour: Robe              ||    20
  Dodge: Dodged            ||    45
